cohdb
Replays
Latest Replays
All Replays
Popular Replays
Top Player Replays
Match Explorer
How It Works
Community
CoH3 Stats
Reddit
Sign in to upload your games and track your stats! →
Sign in with Steam
Match 42653924
Unlisted
Match 42653924
Overview
Messages
Build Orders
End
Kradschützen Motorcycle Team
Panzerpioneer Squad
250 Light Carrier
Construct Light Support Kompanie
Assault Grenadier Squad
Assault Grenadier Squad
Fire Support Elements
Assault Mechanized Group
Flakvierling Half-track
Pak 38 Anti-tank Gun Team
2.5-tonne Medical Truck
MG34 Team
le.IG 18 Mechanized Group
Pak 38 Anti-tank Gun Team
Brother
蔚蓝之苍穹
0
0
Comments
sign in to comment!
No comments posted yet!